Unix NetHack Version 5.0.0-0 post-release - last build May 23 2026 06:08:33 (1c0ff79ee797540d5714e4e18072db0edd9e58ae,branch:main).

Game began 2026-05-23 03:41:58, ended 2026-05-24 02:18:03.

Derfel, chaotic female orcish Rogue

                 --------------
                 |..........<.|
                 |.r..........|
                 |.r@.........|
                 |.rrd........|
                 ---.------+---

Derfel the Cutpurse     St:17 Dx:14 Co:14 In:12 Wi:9 Ch:10  Chaotic
Dlvl:5  $:91 HP:0(28) Pw:6(6) AC:10 Xp:3 T:2161 

Latest messages:
 The wererat bites!
 You finish taking off your suit.
 The giant rat bites!
 The giant rat bites!
 Rowlf bites the giant rat.
 The giant rat misses Rowlf.
 You miss the giant rat.
 The sewer rat bites!
 The giant rat bites!
 The sewer rat bites!
 The giant rat bites!
 Rowlf bites the giant rat.
 The giant rat misses Rowlf.
 What do you want to write with?
 You write in the dust with your fingertip.
 What do you want to write in the dust here? elbereth
 The sewer rat bites!
 The giant rat bites!
 The sewer rat bites!
 The giant rat bites!
 Rowlf bites the giant rat.
 The giant rat is killed!
 Are you waiting to get hit?  Use 'm' prefix to force a no-op (to rest).
 What do you want to write with?
 Do you want to add to the current engraving? [ynq] (y) n
 You wipe out the message that was written in the dust here.
 You write in the dust with your fingertip.
 What do you want to write in the dust here? elbereth
 The sewer rat bites!
 The giant rat bites!
 The sewer rat bites!
 Rowlf bites the wererat.
 The wererat bites Rowlf.
 Rowlf misses the wererat.
 Something is written here in the dust.
 You read: "elbe(eth".
 You see no objects here.
 What do you want to write with?
 Do you want to add to the current engraving? [ynq] (y) n
 You wipe out the message that was written in the dust here.
 You write in the dust with your fingertip.
 What do you want to write in the dust here? elbereth
 The sewer rat bites!
 The giant rat bites!
 You die...
 Do you want your possessions identified? [ynq] (y) y
 Do you want to see your attributes? [ynq] (y) y
 Do you want an account of creatures vanquished? [ynaq] (y) y
 Do you want to see your conduct and achievements? [ynq] (y) n
 Do you want to see the dungeon overview? [ynq] (y) n

Inventory:
 Coins    ('$')
  $ - 91 gold pieces
 Weapons  (')')
  b - a +0 orcish dagger (weapon in right hand)
  j - 15 +0 orcish daggers named ammo (at the ready)
  l - a cursed -2 orcish dagger
  a - a blessed +0 orcish short sword named z1nothing (alternate weapon; not wielded)
 Armor    ('[')
  c - an uncursed +1 leather armor
 Comestibles  ('%')
  h - 3 uncursed food rations
 Scrolls  ('?')
  t - an uncursed scroll of enchant armor
  k - an uncursed scroll of remove curse
  p - an uncursed scroll of teleportation
 Potions  ('!')
  i - an uncursed potion of healing
  d - an uncursed potion of sickness
 Rings    ('=')
  z - an uncursed ring of stealth
 Wands    ('/')
  s - a wand of create monster named z1 (0:14)
  x - a wand of light (0:14)
  A - a wand of nothing (0:5)
  w - a wand of teleportation named tp? z2 (0:3)
 Tools    ('(')
  f - an empty uncursed sack
  u - a cursed expensive camera named cursed? (0:36)
  e - an uncursed lock pick
 Gems/Stones  ('*')
  q - 2 uncursed worthless pieces of green glass
  o - an uncursed worthless piece of yellow glass

Derfel the Rogue's attributes:

Background:
 You were a Cutpurse, a level 3 female orcish Rogue.
 You were chaotic, nominally on a mission for Kos
 who was opposed by Issek (lawful) and Mog (neutral).
 You were right-handed.
 You were in the Dungeons of Doom, on level 5.
 You entered the dungeon 2161 turns ago.
 It was nighttime.
 You had 62 experience points, 18 more were needed to attain level 4.

Basics:
 You had 0 out of 28 hit points.
 You had all 6 energy points (spell power).
 Your armor class was 10.
 Your wallet contained 91 zorkmids.
 Autopickup was on for '$%?!=/"*', with exceptions.

Final Characteristics:
 Your strength was 17 (limit:18/50).
 Your dexterity was 14 (limit:18).
 Your constitution was 14 (limit:18).
 Your intelligence was 12 (limit:16).
 Your wisdom was 9 (limit:16).
 Your charisma was 10 (limit:16).

Final Status:
 You weren't hungry.
 You were unencumbered.
 You were wielding a dagger.
 You had basic skill with dagger.
 You weren't wearing any armor.

Final Attributes:
 You were piously aligned.
 You were poison resistant.
 You had infravision.
 You were stealthy.
 You are dead.

Miscellaneous:
 You disabled loading and storing of bones levels.
 Total elapsed playing time was 1 hour, 20 minutes and 57 seconds.

Major events:
 Turn
    1: Derfel the chaotic female orcish Rogue entered the dungeon
 1767: entered the Gnomish Mines
 1995: attained the rank of Cutpurse (level 3)
 2161: killed by a giant rat

You didn't know any spells.

Skills:
 Fighting Skills
   bare handed combat [Unskilled]
   two weapon combat  [Unskilled]
   riding             [Unskilled]
 Weapon Skills
   dagger             [Basic]
   knife              [Unskilled]
   short sword        [Basic]
   broadsword         [Unskilled]
   long sword         [Unskilled]
   two-handed sword   [Unskilled]
   saber              [Unskilled]
   club               [Unskilled]
   mace               [Unskilled]
   morning star       [Unskilled]
   flail              [Unskilled]
   hammer             [Unskilled]
   polearms           [Unskilled]
   spear              [Unskilled]
   crossbow           [Unskilled]
   dart               [Unskilled]
   shuriken           [Unskilled]
 Spellcasting Skills
   divination spells  [Unskilled]
   escape spells      [Unskilled]
   matter spells      [Unskilled]

Voluntary challenges:
 Character rerolling was not enabled.
 You were an atheist.
 You never genocided any monsters.
 You never polymorphed an object.
 You never changed form.
 You used no wishes.
Achievements:
 You entered a shop.
 You entered the Gnomish Mines.
 You attained the rank of Cutpurse.

 The Dungeons of Doom: levels 1 to 5
    Level 1:
       A grave.
    Level 2:
       A general store.
    Level 3:
       A general store, a fountain.
    Level 4:
       A food shop.
       Stairs down to The Gnomish Mines.
    Level 5: <- You were here.
       Final resting place for
          you, killed by a giant rat.
 The Gnomish Mines:
    Level 5:


Vanquished creatures:
  2 floating eyes
 an acid blob
  a gas spore
  a large kobold
  a giant rat
  2 yellow molds
  a red mold
  a gnome
  a gnome zombie
  a gecko
  3 jackals
  a fox
  a kobold
  2 goblins
  6 grid bugs
  5 lichens
  2 kobold zombies
  3 newts
35 creatures vanquished.

No species were genocided or became extinct.

Game over:
                       ----------
                      /          \
                     /    REST    \
                    /      IN      \
                   /     PEACE      \
                  /                  \
                  |      Derfel      |
                  |      91 Au       |
                  |   killed by a    |
                  |    giant rat     |
                  |                  |
                  |                  |
                  |       2026       |
                 *|     *  *  *      | *
        _________)/\\_//(\/(/\)/\//\/|_)_______

Goodbye Derfel the Rogue...

You died in The Dungeons of Doom on dungeon level 5 with 550 points,
and 91 pieces of gold, after 2161 moves.
You were level 3 with a maximum of 28 hit points when you died.

